AoeStats
← CNZS_98T

Arabia

510412839Analyzed
1v1 RM · 6h ago on Sep 30, 2026· 53m 11s· 2 players
Game mode
Random Map
Map size
Tiny (2 player)
Population
200
Speed
Normal
Resources
Standard
Victory
Conquest
Starting age
Dark Age
Ending age
Imperial Age
RankedLock teamsTeams togetherTeam positionsShared explorationLock speedFull tech treeHidden civsTurbo modeCheats
Victory
Defeat
🇧🇪 Aztecs · Belgium
2480
+19
🇳🇱 Byzantines · Netherlands
2545
-19
Macluffy
8:29 Feudal Age
7:54 Loom
8:56 Double-Bit Axe
9:39 Double-Bit Axe
13:12 Fletching
14:54 Arson
16:50 Scale Mail Armor
21:07 Castle Age
19:53 Forging
21:22 Crossbowman
22:11 Bodkin Arrow
24:31 Wheelbarrow
27:49 Sanctity
29:25 Redemption
32:41 Fervor
33:11 Bow Saw
32:51 Pikeman
33:31 Squires
43:22 Imperial Age
43:47 Ballistics
44:08 Bracer
47:44 Chain Mail Armor
48:05 Eagle Warrior
48:36 Arbalester
50:52 Plate Mail Armor
51:44 Chemistry
51:22 Padded Archer Armor
51:50 Padded Archer Armor
52:26 Iron Casting
51:24 Elite Skirmisher
52:27 Conscription
53:37 Garland Wars
53:22 Atlatl
53:26 Horse Collar
53:37 Gold Mining
CNZS_98T
9:17 Feudal Age
10:15 Double-Bit Axe
10:29 Horse Collar
14:15 Loom
15:35 Fletching
19:07 Castle Age
17:36 Padded Archer Armor
19:45 Bodkin Arrow
23:56 Wheelbarrow
22:52 Elite Skirmisher
24:11 Leather Archer Armor
31:17 Light Cavalry
32:03 Scale Barding Armor
32:33 Husbandry
34:05 Chain Barding Armor
34:40 Chain Barding Armor
35:17 Forging
38:49 Guard Tower
40:08 Devotion
44:11 Imperial Age
43:18 Bow Saw
46:06 Chemistry
45:28 Bracer
46:49 Ballistics
Connection lost

Rejoining the realm…

Still unreachable

The connection could not be restored.

Session expired

The server has moved on; the page needs a fresh start.